 Dungeon Crawl Stone Soup version 0.25-a0-1126-g5fd7b56c60 (webtiles) character file.

Game seed: 5999702247027465774, levelgen mode: deterministic

37 Maedhros the Sneak (level 3, -2/23 HPs)
             Began as an Octopode Artificer on May 19, 2020.
             Slain by Sigmund
             ... wielding a +0 scythe
              (14 damage)
             ... on level 4 of the Dungeon.
             The game lasted 00:01:39 (403 turns).

Maedhros the Sneak (Octopode Artificer)              Turns: 403, Time: 00:01:40

Health: -2/23      AC:  1    Str: 11    XL:     3   Next: 41%
Magic:  5/5        EV: 13    Int: 13    God:
Gold:   63         SH:  0    Dex: 13    Spells: 1/2 levels left

rFire    . . .     SeeInvis .   a - +0 short sword
rCold    . . .     Gourm    .   (no shield)
rNeg     . . .     Faith    .   (helmet restricted)
rPois    .         Spirit   .   (no amulet)
rElec    .         Reflect  .   (no ring)
rCorr    .         Harm     .   (no ring)
MR       .....                  (no ring)
Stlth    +++.......             (no ring)
HPRegen  0.07/turn              (no ring)
MPRegen  0.09/turn              (no ring)
                                (no ring)
                                (no ring)

@: no status effects
A: almost no armour, stealthy swim, amphibious, 8 rings, constrict 8, camouflage
1, gelatinous body 1
a: no special abilities


You were on level 4 of the Dungeon.
You were not hungry.

You visited 1 branch of the dungeon, and saw 4 of its levels.

You collected 63 gold pieces.

Inventory:

Hand Weapons
 a - a +0 short sword (weapon)
Wands
 b - a wand of flame (15)
 c - a wand of enslavement (15)
 d - a wand of random effects (8)
Scrolls
 e - a scroll of immolation {unknown}
 h - a scroll of teleportation {unknown}
 i - a scroll of amnesia {unknown}
 j - 2 scrolls of identify {unknown}
 k - 2 scrolls of fog {unknown}
Potions
 g - 2 potions of flight {unknown}
 l - 2 potions of curing {unknown}
Comestibles
 f - 2 rations


   Skills:
 - Level 1.0 Fighting
 - Level 1.0 Short Blades
 - Level 2.0 Dodging
 - Level 4.0 Stealth
 * Level 1.4 Unarmed Combat
 + Level 0.0 Transmutations
 - Level 3.2 Evocations


You had one spell level left.
You knew the following spells:

 Your Spells              Type           Power        Failure   Level  Hunger
a - Beastly Appendage     Tmut           #.....       30%         1    ##.....

Your spell library contained the following spells:

 Spells                   Type           Power        Failure   Level  Hunger
 Sticks to Snakes         Tmut           #.......     43%         2    ###....
 Spider Form              Tmut/Pois      #.........   67%         3    ####...
 Ice Form                 Ice/Tmut       #.......     97%         4    #####..
 Blade Hands              Tmut           #.........   100%        5    ######.


Dungeon Overview and Level Annotations

Branches:
Dungeon (4/15)
 Temple: D:4-7

Altars:
The Shining One

Annotations:
D:4 Sigmund


Innate Abilities, Weirdness & Mutations

You cannot wear most types of armour.
You are very stealthy in the water. (Stealth+)
You are amphibious.
You can wear up to eight rings at the same time.
You can use your tentacles to constrict eight enemies at once.
Your skin changes colour to match your surroundings (Stealth+).
Your rubbery body absorbs attacks. (AC +1, EV +1)


Message History

Nothing appears to happen.
A crimson imp comes into view.
Found a pair of boots.
Found a glowing golden altar of the Shining One.
You barely miss something. You hit something but do no damage.
You hit something but do no damage. You squeeze something. You hit something.
The crimson imp blinks!
You hit something. The crimson imp hits you.
You hit something but do no damage. You tentacle-slap something.
The crimson imp hits you.
The crimson imp blinks!
You barely miss something. You squeeze something! You hit something.
You completely miss something. The crimson imp hits you.
You hit something.
The crimson imp grins evilly.
The crimson imp blinks!
You hit something but do no damage. Something hits you!
Ouch! That really hurt!
You die...

#.# ... ##.# #
... .# # #.# ..#
#[#.#.#####..#.#
#.>..<..........
#.....#.#.#.#..#
#..#.
#.#.@ยง...# #
#.......{.5....
#..#....<......
...######......
## $...[. _.....
..... .....


You could see a crimson imp.

Vanquished Creatures
  An iguana (D:2)
  A goblin (D:2)
  2 hobgoblins (D:3)
  3 kobolds
  A quokka (D:3)
  A frilled lizard (D:3)
  A rat (D:2)
10 creatures vanquished.

Notes
Turn   | Place    | Note
-------+----------+-------------------------------------------
     0 | D:1      | Maedhros the Octopode Artificer began the quest for the
                  | Orb.
     0 | D:1      | Reached XP level 1. HP: 13/13 MP: 3/3
    79 | D:2      | Reached skill level 2 in Stealth
   102 | D:2      | Noticed an iguana
   111 | D:2      | Killed an iguana
   111 | D:2      | Reached skill level 4 in Stealth
   111 | D:2      | Reached skill level 1 in Unarmed Combat
   111 | D:2      | Reached XP level 2. HP: 7/18 MP: 4/4
   111 | D:2      | Reached XP level 3. HP: 9/23 MP: 5/5
   308 | D:3      | Learned a level 1 spell: Beastly Appendage
   384 | D:4      | Noticed Sigmund
   392 | D:4      | Found a glowing golden altar of the Shining One.
   403 | D:4      | Slain by Sigmund

Illustrated notes

Levels and vault maps discovered:
D:1:      lightli_arrival_maybe_door_vault, layout_rooms, minivault_4
D:2:      layout_basic, lemuel_doored_altar
D:3:      layout_loops_corners, kiku_gazebo_pond_becter, first_ration
D:4:      layout_basic, overflow_temple_1_default, yredelemnul_altar_generic,
          uniq_sigmund, uniq_robin

Skill      XL: |  1 |
---------------+----+-----
Stealth        | 4 |  4.0
Unarmed Combat | 1 |  1.4
Fighting       | |  1.0
Short Blades   | |  1.0
Dodging        | |  2.0
Evocations     | |  3.2

Action                   || total
-------------------------++-------
Melee: Short sword       ||    27
       Constrict         ||     5
       Tentacles         ||     5
       Punch             ||     1
Evoke: Wand              ||     7
 Stab: Sleeping          ||     1
Armor: Skin              ||     2
Dodge: Dodged            ||     4

Table legend:
 A = Non-vault XP
 B = Vault XP
 C = Vault XP percentage of total XP
 D = Non-vault monster count
 E = Vault monster count
 F = Vault count percentage of total count
                 A         B        C        D         E       F
            +---------+---------+-------+---------+---------+-------
      Total |      54 |       0 |   0.0 |      10 |       0 |   0.0
            +---------+---------+-------+---------+---------+-------
        D:1 |       2 |       0 |   0.0 |       1 |       0 |   0.0
        D:2 |      44 |       0 |   0.0 |       4 |       0 |   0.0
        D:3 |       8 |       0 |   0.0 |       5 |       0 |   0.0
            +---------+---------+-------+---------+---------+-------
